[ AOE2 MATCH · #507908799 ]
UnrankedWei vs Tupi
Player's team · LOSS
Rival team · WIN
[ REPLAY ANALYSIS · EXTRACTED FROM THE RECORDED GAME ]
Feudal
8:26
Castle
—
Imperial
—
| APM avg | 53.2 |
| APM peak | 116 |
| eAPM avg | 25.7 |
| Villagers / military | 56 / 0 |
Focus
⚔️ 38.8% · 🌾 61.2%
Feudal
14:57
Castle
24:25
Imperial
—
| APM avg | 40.0 |
| APM peak | 75 |
| eAPM avg | 18.9 |
| Villagers / military | 48 / 0 |
Focus
⚔️ 24.9% · 🌾 75.1%
Match map
Initial resources + every placement click. Lines = walls · curves = elevation contours. ◆ gold · ⬟ stone · ● berries · ✦ relic · ◌ wall gap
Your base· Open — 8t gap
TE MS MOE's base· Open — unwalled flank
Smoothed initial terrain · ◌ = detected wall gap · hover for details
Inputs per minute
— VENÓN | Hyoga - - TE MS MOE
Build order — VENÓN | Hyoga
113 actions detected in the replay
| 0:00 | Queue | Villager (Male) ×4 |
| 0:02 | Build | House |
| 0:04 | Build | House |
| 1:30 | Queue | Villager (Male) |
| 1:30 | Queue | Villager (Male) |
| 1:58 | Queue | Villager (Male) |
| 1:59 | Queue | Villager (Male) |
| 2:11 | Build | Lumber Camp |
| 2:19 | Queue | Villager (Male) |
| 2:35 | Queue | Villager (Male) |
| 2:35 | Queue | Villager (Male) |
| 2:47 | Queue | Villager (Male) |
| 2:48 | Queue | Villager (Male) |
| 3:04 | Queue | Villager (Male) |
| 3:28 | Queue | Villager (Male) |
| 3:49 | Build | House |
| 3:58 | Queue | Villager (Male) |
| 4:26 | Queue | Villager (Male) |
| 4:38 | Build | Mill |
| 5:18 | Queue | Villager (Male) |
| 5:18 | Research | Loom |
| 6:15 | Research | Feudal Age |
| 6:15 | Research | Feudal Age |
| 7:21 | Build | Barracks |
| 7:24 | Queue | Villager (Male) |
| 8:02 | Queue | Villager (Male) |
| 8:24 | Queue | Villager (Male) |
| 8:26 | Age | Feudal Age |
| 8:36 | Queue | Villager (Male) |
| 8:38 | Research | Double-Bit Axe |
| 8:38 | Research | Double-Bit Axe |
| 9:07 | Queue | Villager (Male) |
| 9:31 | Build | House |
| 10:06 | Build | Town Center |
| 10:21 | Build | Palisade Wall |
| 10:22 | Build | Palisade Wall |
| 10:25 | Build | House |
| 10:26 | Build | Palisade Wall |
| 10:51 | Queue | Villager (Male) |
| 10:57 | Queue | Villager (Male) |
| 11:05 | Build | Palisade Wall |
| 11:12 | Queue | Villager (Male) |
| 11:21 | Build | Market |
| 11:24 | Queue | Villager (Male) |
| 11:25 | Research | Horse Collar |
| 11:38 | Build | Palisade Wall |
| 11:41 | Build | House |
| 12:06 | Queue | Villager (Male) |
| 12:31 | Build | House |
| 12:37 | Build | Mining Camp |
| 12:47 | Queue | Villager (Male) |
| 13:11 | Build | Farm |
| 13:12 | Build | Farm |
| 13:13 | Build | Farm |
| 13:19 | Build | Farm |
| 13:22 | Build | Farm |
| 14:09 | Build | Outpost |
| 14:11 | Queue | Villager (Male) |
| 14:14 | Build | Farm |
| 14:16 | Build | Farm |
| 14:18 | Build | Farm |
| 14:20 | Build | Farm |
| 14:42 | Build | Watch Tower |
| 14:43 | Queue | Villager (Male) |
| 15:03 | Build | Farm |
| 15:07 | Queue | Villager (Male) |
| 15:16 | Build | Blacksmith |
| 15:29 | Build | Palisade Wall |
| 15:32 | Build | Palisade Wall |
| 15:34 | Build | Palisade Wall |
| 15:35 | Build | Palisade Wall |
| 15:36 | Queue | Villager (Male) |
| 15:44 | Queue | Villager (Male) |
| 16:02 | Queue | Villager (Male) |
| 16:09 | Queue | Villager (Male) |
| 16:18 | Build | House |
| 16:25 | Build | House |
| 16:26 | Build | House |
| 16:37 | Build | Watch Tower |
| 16:45 | Build | Palisade Wall |
| 16:47 | Build | Palisade Wall |
| 16:50 | Queue | Villager (Male) |
| 16:55 | Queue | Villager (Male) |
| 17:16 | Queue | Villager (Male) |
| 17:29 | Queue | Villager (Male) |
| 17:40 | Queue | Villager (Male) |
| 17:56 | Queue | Villager (Male) |
| 18:09 | Build | House |
| 18:10 | Queue | Villager (Male) |
| 18:29 | Queue | Villager (Male) |
| 18:58 | Build | Watch Tower |
| 19:04 | Build | Palisade Wall |
| 19:06 | Queue | Villager (Male) |
| 19:12 | Build | Palisade Wall |
| 19:16 | Queue | Villager (Male) |
| 19:22 | Research | Fletching |
| 19:51 | Build | House |
| 20:09 | Queue | Villager (Male) |
| 20:44 | Queue | Villager (Male) |
| 20:48 | Queue | Villager (Male) |
| 21:11 | Queue | Villager (Male) |
| 21:42 | Build | Watch Tower |
| 21:47 | Queue | Villager (Male) |
| 21:55 | Queue | Villager (Male) |
| 22:13 | Build | Palisade Wall |
| 22:21 | Queue | Villager (Male) |
| 22:48 | Build | Watch Tower |
| 22:58 | Build | Watch Tower |
| 22:59 | Queue | Villager (Male) |
| 23:06 | Queue | Villager (Male) |
| 23:08 | Build | House |
| 23:44 | Queue | Villager (Male) |
| 24:11 | Research | Castle Age |
Build order — TE MS MOE
109 actions detected in the replay
| 0:00 | Queue | Villager (Male) |
| 0:02 | Build | House |
| 0:02 | Build | House |
| 0:11 | Queue | Villager (Male) |
| 0:17 | Queue | Villager (Male) |
| 0:25 | Queue | Villager (Male) |
| 1:01 | Queue | Villager (Male) |
| 1:53 | Queue | Villager (Male) |
| 1:53 | Queue | Villager (Male) |
| 2:15 | Build | Settlement |
| 2:29 | Queue | Villager (Male) |
| 2:29 | Queue | Villager (Male) |
| 2:45 | Queue | Villager (Male) |
| 2:45 | Queue | Villager (Male) |
| 3:08 | Queue | Villager (Male) |
| 3:08 | Queue | Villager (Male) |
| 3:33 | Queue | Villager (Male) |
| 3:33 | Queue | Villager (Male) |
| 3:38 | Queue | Villager (Male) |
| 3:38 | Queue | Villager (Male) |
| 3:52 | Queue | Villager (Male) |
| 4:08 | Research | Loom |
| 5:11 | Queue | Villager (Male) |
| 5:11 | Queue | Villager (Male) |
| 5:12 | Queue | Villager (Male) |
| 5:12 | Queue | Villager (Male) |
| 5:12 | Queue | Villager (Male) |
| 5:12 | Queue | Villager (Male) |
| 5:25 | Queue | Villager (Male) |
| 5:25 | Queue | Villager (Male) |
| 6:10 | Build | House |
| 7:13 | Build | Town Center |
| 8:01 | Queue | Villager (Male) |
| 8:25 | Queue | Villager (Male) |
| 9:00 | Queue | Villager (Male) |
| 9:00 | Queue | Villager (Male) |
| 9:17 | Build | House |
| 9:22 | Queue | Villager (Male) |
| 9:22 | Queue | Villager (Male) |
| 10:15 | Queue | Villager (Male) |
| 10:15 | Queue | Villager (Male) |
| 10:15 | Queue | Villager (Male) |
| 10:28 | Build | Palisade Wall |
| 10:38 | Build | Palisade Wall |
| 10:58 | Queue | Villager (Male) |
| 11:02 | Build | Settlement |
| 11:14 | Queue | Villager (Male) |
| 11:42 | Queue | Villager (Male) |
| 12:23 | Build | Settlement |
| 12:47 | Research | Feudal Age |
| 12:47 | Research | Feudal Age |
| 13:07 | Build | Outpost |
| 14:13 | Build | Outpost |
| 14:57 | Age | Feudal Age |
| 14:57 | Build | Outpost |
| 14:59 | Research | Town Watch |
| 15:03 | Queue | Villager (Male) |
| 15:14 | Build | Outpost |
| 15:22 | Build | Watch Tower |
| 16:22 | Research | Double-Bit Axe |
| 16:22 | Research | Double-Bit Axe |
| 16:26 | Build | Farm |
| 16:26 | Build | Farm |
| 16:30 | Build | Palisade Wall |
| 16:30 | Build | Palisade Wall |
| 16:31 | Build | Palisade Wall |
| 16:31 | Build | Palisade Wall |
| 16:32 | Build | Palisade Wall |
| 16:32 | Build | Palisade Wall |
| 16:32 | Build | Palisade Wall |
| 16:34 | Queue | Villager (Male) |
| 17:13 | Queue | Villager (Male) |
| 17:35 | Build | Farm |
| 17:38 | Build | Farm |
| 17:39 | Queue | Villager (Male) |
| 17:43 | Build | Settlement |
| 17:50 | Build | Farm |
| 17:54 | Build | Farm |
| 17:55 | Build | Farm |
| 17:59 | Build | Farm |
| 18:04 | Build | Market |
| 18:06 | Queue | Villager (Male) |
| 18:20 | Queue | Villager (Male) |
| 18:42 | Queue | Villager (Male) |
| 18:49 | Build | Watch Tower |
| 18:59 | Build | Stone Wall |
| 19:06 | Build | Stone Wall |
| 19:12 | Build | Stone Wall |
| 19:21 | Queue | Villager (Male) |
| 20:03 | Build | Palisade Wall |
| 20:08 | Build | Watch Tower |
| 20:11 | Queue | Villager (Male) |
| 20:13 | Build | Blacksmith |
| 20:49 | Build | House |
| 20:51 | Research | Fletching |
| 20:52 | Research | Fletching |
| 21:21 | Build | Watch Tower |
| 21:38 | Queue | Villager (Male) |
| 21:45 | Research | Castle Age |
| 21:45 | Research | Castle Age |
| 22:22 | Build | Farm |
| 22:31 | Build | Settlement |
| 23:23 | Research | Gold Mining |
| 23:23 | Research | Gold Mining |
| 23:26 | Research | Stone Mining |
| 23:26 | Research | Stone Mining |
| 24:25 | Age | Castle Age |
| 24:36 | Build | Siege Workshop |
| 24:41 | Build | Siege Workshop |
Match timeline
| 7:21 | VENÓN | Hyoga · first_building Barracks |
| 8:26 | VENÓN | Hyoga · age_up feudal |
| 10:21 | VENÓN | Hyoga · wall_segment Palisade Wall x1 |
| 10:22 | VENÓN | Hyoga · wall_segment Palisade Wall x1 |
| 10:26 | VENÓN | Hyoga · wall_segment Palisade Wall x1 |
| 10:28 | TE MS MOE · wall_segment Palisade Wall x3 |
| 10:38 | TE MS MOE · wall_segment Palisade Wall x3 |
| 11:05 | VENÓN | Hyoga · wall_segment Palisade Wall x3 |
| 11:38 | VENÓN | Hyoga · wall_segment Palisade Wall x3 |
| 13:27 | VENÓN | Hyoga · first_market_sell 100 wood |
| 14:57 | TE MS MOE · age_up feudal |
| 15:29 | VENÓN | Hyoga · wall_segment Palisade Wall x1 |
| 15:32 | VENÓN | Hyoga · wall_segment Palisade Wall x1 |
| 15:34 | VENÓN | Hyoga · wall_segment Palisade Wall x1 |
| 15:35 | VENÓN | Hyoga · wall_segment Palisade Wall x1 |
| 16:30 | TE MS MOE · wall_segment Palisade Wall x1 |
| 16:30 | TE MS MOE · wall_segment Palisade Wall x1 |
| 16:31 | TE MS MOE · wall_segment Palisade Wall x1 |
| 16:31 | TE MS MOE · wall_segment Palisade Wall x1 |
| 16:32 | TE MS MOE · wall_segment Palisade Wall x2 |
| 16:32 | TE MS MOE · wall_segment Palisade Wall x2 |
| 16:32 | TE MS MOE · wall_segment Palisade Wall x2 |
| 16:45 | VENÓN | Hyoga · wall_segment Palisade Wall x1 |
| 16:47 | VENÓN | Hyoga · wall_segment Palisade Wall x1 |
| 18:59 | TE MS MOE · wall_segment Stone Wall x1 |
| 19:04 | VENÓN | Hyoga · wall_segment Palisade Wall x8 |
| 19:06 | TE MS MOE · wall_segment Stone Wall x1 |
| 19:12 | TE MS MOE · wall_segment Stone Wall x1 |
| 19:12 | VENÓN | Hyoga · wall_segment Palisade Wall x1 |
| 19:27 | TE MS MOE · first_market_sell 100 wood |
| 19:30 | TE MS MOE · first_market_buy 100 food |
| 20:03 | TE MS MOE · wall_segment Palisade Wall x1 |
| 22:13 | VENÓN | Hyoga · wall_segment Palisade Wall x1 |
| 23:29 | VENÓN | Hyoga · first_market_buy 100 food |
| 24:25 | TE MS MOE · age_up castle |
| 24:36 | TE MS MOE · first_building Siege Workshop |
| 24:47 | VENÓN | Hyoga · resign |
[ AI ANALYSIS · 1 CREDIT ]
What really happened in this match?
Wolo.gg analyzes every decision: build order, eco, micro, common mistakes by bracket. Personalized analysis on WhatsApp or Discord in 30 seconds.
Civ guide
Wei
Perfil
Jugador #2506886